 Dungeon Crawl Stone Soup version 0.23.2-11-gf996548c65 (webtiles) character file.

Game seed: 10526927572036991323

154 AdmiralAndromeda the Twirler (level 5, -1/44 HPs)
             Began as a Draconian Gladiator on June 5, 2019.
             Killed from afar by an orc wizard (6 damage)
             ... with a magic dart
             ... on level 4 of the Dungeon.
             The game lasted 00:05:34 (2317 turns).

AdmiralAndromeda the Twirler (Draconian Gladiator)  Turns: 2317, Time: 00:05:35

Health: -1/44      AC:  6    Str: 16    XL:     5   Next: 13%
Magic:  5/5        EV: 13    Int: 12    God:
Gold:   155        SH:  0    Dex: 13    Spells: 4/4 levels left

rFire    + . .     SeeInvis .   a - +0 quarterstaff
rCold    . . .     Gourm    .   (shield currently unavailable)
rNeg     . . .     Faith    .   (armour unavailable)
rPois    .         Spirit   .   b - +0 hat
rElec    .         Reflect  .   (no cloak)
rCorr    .         Harm     .   n - +0 pair of gloves
MR       .....                  (no boots)
Stlth    +.........             (no amulet)
HPRegen  0.14/turn              g - +3 ring of intelligence
MPRegen  0.09/turn              o - ring of protection from fire

@: no status effects
A: unfitting armour, cold-blooded, AC +5
a: no special abilities


You were on level 4 of the Dungeon.
You were hungry.

You visited 1 branch of the dungeon, and saw 4 of its levels.

You collected 155 gold pieces.

Inventory:

Hand Weapons
 a - a +0 quarterstaff (weapon)
Missiles
 k - a throwing net (quivered)
Armour
 b - a +0 hat (worn)
 n - a +0 pair of gloves (worn)
Jewellery
 g - a +3 ring of intelligence (left hand)
 o - a ring of protection from fire (right hand)
Scrolls
 c - a scroll of fear {unknown}
 f - a scroll of enchant weapon {unknown}
 i - 2 scrolls of teleportation {unknown}
 l - 2 scrolls of identify {unknown}
 m - 3 scrolls of remove curse {unknown}
 p - 2 scrolls of amnesia {unknown}
 r - a scroll of immolation {unknown}
 s - a scroll of random uselessness {unknown}
 t - a scroll of magic mapping {unknown}
Potions
 e - 2 potions of heal wounds {unknown}
 h - 2 potions of flight {unknown}
 j - a potion of might {unknown}
 q - 3 potions of degeneration {unknown}
Comestibles
 d - 5 rations


   Skills:
 + Level 2.8 Fighting
 * Level 5.5 Staves
 - Level 2.0 Throwing
 - Level 2.6 Dodging


You had 4 spell levels left.
You didn't know any spells.
Your spell library was empty.

Dungeon Overview and Level Annotations

Branches:
Dungeon (4/15)
 Temple: D:4-7

Altars:


Innate Abilities, Weirdness & Mutations

Your plain brown scales are hard. (AC +5)
You cannot fit into any form of body armour.
You are cold-blooded and may be slowed by cold attacks.


Message History

The orc is moderately wounded.
The orc hits you.
* * * LOW HITPOINT WARNING * * *
You barely miss the orc.
Your tail-slap misses the orc.
The orc is moderately wounded.
The orc hits you but does no damage.
The orc priest hits you from afar with a +0 trident.
* * * LOW HITPOINT WARNING * * *
You closely miss the orc.
Your tail-slap misses the orc.
The orc is moderately wounded.
The orc hits you.
* * * LOW HITPOINT WARNING * * *
The orc wizard gestures wildly while chanting.
The orc wizard blinks!
The orc priest misses you.
You thump the orc!
You kill the orc!
The orc priest barely misses you. The orc wizard casts a spell at you.
The magic dart hits you.
You die...

...######.# ..........#
.########## # .# . ##
.### .## .. ...#
#.###.# ##.# ##....####
##.# #########o........
...######.)...[.@...(.#
..........####.##.....#
.########## #.###...##
.# #.# #.### .# #.# ..o
.# #.# .#.. .# #.. .
..# .# ##.## .## .. .


You could see an orc priest and an orc wizard.

Vanquished Creatures
  An orc wizard (D:4)
  5 adders
  An ooze (D:1)
  3 worms
  2 dart slugs (D:1)
  5 leopard geckos
  An orc (D:4)
  6 bats
  5 giant cockroaches
  3 goblins
  4 hobgoblins
  4 jackals (D:2)
  5 kobolds
  4 ball pythons
  4 frilled lizards
  9 rats
62 creatures vanquished.

Notes
Turn   | Place    | Note
-------+----------+-------------------------------------------
     0 | D:1      | AdmiralAndromeda the Draconian Gladiator began the quest
                  | for the Orb.
     0 | D:1      | Reached XP level 1. HP: 17/17 MP: 1/1
    72 | D:1      | Reached XP level 2. HP: 15/24 MP: 2/2
   546 | D:2      | Reached skill level 4 in Staves
   546 | D:2      | Reached XP level 3. HP: 27/30 MP: 3/3
  1232 | D:2      | Reached XP level 4. HP: 36/37 MP: 4/4
  1793 | D:3      | Reached skill level 5 in Staves
  2312 | D:4      | Reached XP level 5. HP: 16/44 MP: 5/5
  2317 | D:4      | Killed from afar by an orc wizard

Skill      XL: |  1  2  3  4 |
---------------+-------------+-----
Throwing       | 2 |  2.0
Staves         | 4 5 |  5.5
Fighting       | |  2.8
Dodging        | |  2.6

Action                   |  1- 3 |  4- 6 || total
-------------------------+-------+-------++-------
Melee: Quarterstaff      |   107 |    95 ||   202
       Tailslap          |     8 |     9 ||    17
Throw: Throwing net      |     3 |       ||     3
 Stab: Sleeping          |     2 |     1 ||     3
  Eat: Chunk             |     1 |     3 ||     4
Armor: Skin              |    22 |    33 ||    55
Dodge: Dodged            |    77 |    71 ||   148
